Match 47366820
Unlisted

Match 47366820
End
Vickers Machine Gun Team
Construct Section Command Post
Infantry Section
Dingo Light Scout Car
Royal Engineer Section
Infantry Section
Construct Platoon Command Post
Construct Company Command Post
Infantry Section
Selects Heavy Armor Battlegroup
Selects Rigorous Vehicle Training
Selects Light Vehicle Withdraw and Refit
Selects UNKNOWN (202330)
Crusader AA Medium Tank
Crusader II Medium Tank
Foot Guards Section
Olg
rocketpossum
Blysk
xebec.8895
0
0

Comments sign in to comment!

No comments posted yet!